 Dungeon Crawl Stone Soup version 0.29.1-12-g30fa7ad0bf (webtiles) character file.

Game seed: 17024570200178761082

709 wormed the Cudgeller (level 7, -2/44 HPs)
             Began as a Gargoyle Fighter on Dec 20, 2022.
             Slain by a gnoll
             ... wielding a +0 flail
              (5 damage)
             ... on level 5 of the Dungeon.
             The game lasted 00:09:02 (6756 turns).

wormed the Cudgeller (Gargoyle Fighter)             Turns: 6756, Time: 00:09:02

Health: -2/44      AC: 15    Str: 21    XL:     7   Next: 68%
Magic:  7/7        EV:  7    Int:  9    God:
Gold:   175        SH:  5    Dex:  9    Spells: 6/6 levels left

rFire   . . .      SeeInvis .   h - +0 whip
rCold   . . .      Faith    .   c - +1 buckler
rNeg    + . .      Spirit   .   j - +0 chain mail
rPois   ∞          Reflect  .   (no helmet)
rElec   +          Harm     .   (no cloak)
rCorr   +          Rampage  .   (no gloves)
Will    .....                   a - +0 pair of boots
Stlth   ..........              (no amulet)
HPRegen 0.14/turn               f - ring of resist corrosion
MPRegen 0.10/turn               (no ring)

@: mighty, about to teleport
A: sickness immunity, AC +4, negative energy resistance 1, electricity
resistance, torment resistance 1, petrification resistance
a: no special abilities


You were on level 5 of the Dungeon.
You visited 2 branches of the dungeon, and saw 6 of its levels.

You collected 175 gold pieces.

Inventory:

Hand Weapons
 h - a +0 whip (weapon)
Armour
 a - a +0 pair of boots (worn)
 c - a +1 buckler (worn)
 j - a +0 chain mail (worn)
Jewellery
 f - a ring of resist corrosion (left hand)
 l - a ring of magical power
Scrolls
 e - 2 scrolls of amnesia
 g - a scroll of enchant armour
 i - 2 scrolls of identify
 n - 2 scrolls of fear {unknown}
 q - a scroll of teleportation
 r - a scroll of blinking {unknown}
 s - a scroll of butterflies {unknown}
Potions
 k - a potion of attraction
 m - 2 potions of brilliance
 o - a potion of berserk rage {unknown}
 p - a potion of flight


   Skills:
 + Level 5.1 Fighting
 * Level 5.5 Maces & Flails
 + Level 5.1 Armour
 + Level 5.1 Shields


You had 6 spell levels left.
You didn't know any spells.
Your spell library contained the following spells:

 Spells                   Type           Power      Damage    Failure   Level
 Sandblast                Erth           0%         2d4       99%         1
 Sting                    Tmut/Pois      0%         1d3       99%         1
 Passwall                 Tmut/Erth      0%         N/A       100%        2
 Poisonous Vapours        Pois/Air       0%         N/A       100%        2
 Static Discharge         Conj/Air       0%         3-3/arc   100%        2
 Stone Arrow              Conj/Erth      0%         3d7       100%        3
 Dispel Undead            Necr           0%         3d6       100%        4
 Olgreb's Toxic Radiance  Pois           0%         N/A       100%        4
 Sticky Flame             Conj/Fire      0%         2d3       100%        4


Dungeon Overview and Level Annotations

Branches:
Dungeon (5/15)             Temple (1/1) D:4

Altars:
Ashenzari
Cheibriados
Gozag
Nemelex Xobeh
Okawaru
Ru
Trog
Uskayaw
Wu Jian
Zin

Shops:
D:1 [


Innate Abilities, Weirdness & Mutations

You are immune to sickness and miasma.
Your stone body is resilient. (AC +4)
You are immune to poison.
You resist negative energy. (rN+)
You are resistant to electric shocks. (rElec)
You are resistant to unholy torment.
You are immune to petrification.


Message History

The gnoll closely misses you.
You whack the gnoll!
The gnoll is severely wounded.
The gnoll hits you with a +0 flail. The gnoll hits you with a +0 spear.
The gnoll barely misses you.
You whack the gnoll!
You kill the gnoll!
You closely miss the gnoll.
The gnoll is moderately wounded.
The gnoll barely misses you. The gnoll closely misses you.
You barely miss the gnoll.
The gnoll is moderately wounded.
You block the gnoll's attack. The gnoll hits you with a +0 halberd!
* * * LOW HITPOINT WARNING * * *
You closely miss the gnoll.
The gnoll is moderately wounded.
The gnoll barely misses you. The gnoll hits you but does no damage.
It was a potion of curing.
You feel better. The gnoll barely misses you.
The gnoll hits you but does no damage.
You closely miss the gnoll.
The gnoll is moderately wounded.
The gnoll hits you but does no damage. You block the gnoll's attack.
You hit the gnoll.
The gnoll is severely wounded.
The gnoll barely misses you. You block the gnoll's attack.
You whack the gnoll!
You kill the gnoll!
You barely miss the gnoll. The gnoll hits you but does no damage.
You whack the gnoll!
The gnoll is almost dead.
The gnoll hits you with a +0 flail.
* * * LOW HITPOINT WARNING * * *
You closely miss the gnoll.
The gnoll is almost dead.
The gnoll hits you with a +0 flail.
* * * LOW HITPOINT WARNING * * *
As you read the scroll labelled HES IHARHOXZUO, it crumbles to dust.
You feel strangely unstable.
It was a scroll of teleportation.
The gnoll hits you with a +0 flail.
You die...

#######...#.....[....
.#........#..........
.#........'..........
.#........#.........
####.##...#.........
####.##...#.....#######
..........#.....#.....#......#...
..........#....)#)....+......#...
..........#....(@)....#......#...
..........#.....#g...##......#...
..........#.....##...##......#...
..##......#......######......#...
..##......#......#. +.......#...
####......#......#.. #.......'...
#.......#..†...#...#####'###...
#.......#......#...##......#...
#.......'......#...........#...


You could see a gnoll.

Vanquished Creatures
  A centaur (D:5)
  A scorpion (D:5)
  4 hounds
  3 jellies
  3 iguanas
  3 orc wizards
  7 adders
  4 gnolls
  A worm (D:2)
  6 dart slugs
  8 orcs
  6 endoplasms
  3 giant cockroaches
  9 goblins
  10 hobgoblins
  7 jackals
  7 kobolds
  3 quokkas
  5 ball pythons
  3 bats
  A frilled lizard (D:3)
  4 rats
99 creatures vanquished.

Vanquished Creatures (others)
  A fungus (D:3)
  7 plants
8 creatures vanquished.

Grand Total: 107 creatures vanquished

Notes
Turn   | Place    | Note
-------+----------+-------------------------------------------
     0 | D:1      | wormed the Gargoyle Fighter began the quest for the Orb.
     0 | D:1      | Reached XP level 1. HP: 14/14 MP: 1/1
    28 | D:1      | Found Eloquh's Antique Armour Shoppe.
   162 | D:1      | Reached XP level 2. HP: 8/19 MP: 2/2
  1621 | D:2      | Reached XP level 3. HP: 17/23 MP: 3/3
  2490 | D:3      | Reached XP level 4. HP: 29/29 MP: 4/4
  3082 | D:3      | Found a faded altar of an unknown god.
  3439 | D:3      | Reached XP level 5. HP: 12/33 MP: 5/5
  4955 | D:4      | Reached XP level 6. HP: 32/38 MP: 6/6
  5564 | D:4      | Found a staircase to the Ecumenical Temple.
  5570 | Temple   | Entered the Ecumenical Temple
  6152 | D:5      | Entered Level 5 of the Dungeon
  6174 | D:5      | Reached XP level 7. HP: 37/44 MP: 7/7
  6366 | D:5      | Reached skill level 5 in Maces & Flails
  6490 | D:5      | Reached skill level 5 in Armour
  6490 | D:5      | Reached skill level 5 in Shields
  6602 | D:5      | Reached skill level 5 in Fighting
  6755 | D:5      | HP: 2/44 [gnoll/+0 flail (5)]
  6756 | D:5      | Slain by a gnoll

Illustrated notes

Levels and vault maps discovered:
D:1:      co_arrival_random_square_maze, layout_loops_ring, serial_shops, shop,
          chequers_big_river
D:2:      layout_rooms
D:3:      layout_basic, shapermc_ecumenical_altar_mp_urbaneastern, corexii_shack
D:4:      minmay_inner_zag, layout_basic, minmay_temple_entry_hall, minmay_bent
D:5:      layout_gridville
Temple:   eino_temple_lava

Skill      XL: |  1  2  3  4  5  6  7 |
---------------+----------------------+-----
Maces & Flails | 3 4 5 |  5.5
Shields        | 4 5 |  5.1
Fighting       | 4 5 |  5.1
Armour         | 4 5 |  5.1

Action                   |  1- 3 |  4- 6 |  7- 9 || total
-------------------------+-------+-------+-------++-------
Melee: Flail             |    33 |       |       ||    33
       Whip              |   137 |   374 |   120 ||   631
  Use: Scroll            |     9 |       |     1 ||    10
       Potion            |       |     3 |     2 ||     5
Armor: Scale mail        |    69 |    45 |       ||   114
       Chain mail        |       |   147 |   100 ||   247
Dodge: Dodged            |    72 |   107 |    46 ||   225
Block: Buckler           |    23 |    82 |    33 ||   138
